AoeStats
← jgonzalezs1507

Nomad

509804831Analyzed
3v3 RM · 6d ago on Sep 28, 2026· 34m 5s· 6 players
Game mode
Random Map
Map size
210×210
Population
200
Speed
Normal
Resources
Standard
Victory
Conquest
Starting age
Dark Age
Ending age
Imperial Age
RankedLock teamsTeams togetherTeam positionsShared explorationLock speedFull tech treeHidden civsTurbo modeCheats
Victory
Defeat
🇺🇸 Malay · United States
1582
+14
🇺🇸 Chinese · United States
1575
+14
🇲🇽 Tatars · Mexico
1445
+20
🇦🇷 Hindustanis · Argentina
1564
-17
🇨🇦 Slavs · Canada
1528
-16
🇨🇦 Gurjaras · Canada
1518
-15
PickledCabbage
4:57 Loom
13:11 Feudal Age
13:47 Fishing Lines
13:58 Double-Bit Axe
16:09 Horse Collar
19:38 Castle Age
17:40 Gold Mining
18:46 Forging
19:51 Scale Barding Armor
20:50 Bloodlines
20:57 Fletching
21:56 Medium Warships
23:33 Town Watch
24:26 Gold Shaft Mining
24:15 Stone Mining
26:00 Iron Casting
26:07 Clinker Construction
28:33 Wheelbarrow
29:30 Ballistics
29:22 Masonry
31:26 Bodkin Arrow
Cyvarios
6:47 Loom
12:52 Feudal Age
19:09 Castle Age
18:43 Fletching
19:28 Padded Archer Armor
19:19 Double-Bit Axe
22:31 Bodkin Arrow
24:08 Forging
24:13 Elite Skirmisher
Chipmunk
6:18 Loom
14:57 Feudal Age
16:05 Double-Bit Axe
16:01 Fishing Lines
18:47 Castle Age
18:16 Gold Mining
18:19 Stone Mining
18:32 Scale Mail Armor
19:52 Town Watch
20:25 Chain Mail Armor
20:13 Squires
21:04 Fletching
22:04 Medium Warships
31:28 Wheelbarrow
32:12 Devotion
33:03 Horse Collar
33:20 Arson
33:33 Gillnets
jgonzalezs1507
9:24 Loom
12:06 Feudal Age
15:51 Castle Age
14:57 Fletching
15:39 Padded Archer Armor
16:37 Bodkin Arrow
17:29 Double-Bit Axe
19:25 Leather Archer Armor
19:55 Bow Saw
20:15 Husbandry
21:10 Bloodlines
21:54 Horse Collar
23:32 Ballistics
25:10 Medium Warships
GirlWonder_
3:00 Loom
14:07 Feudal Age
14:47 Town Watch
17:51 Castle Age
15:58 Stone Mining
17:23 Fishing Lines
17:29 Double-Bit Axe
19:25 Wheelbarrow
19:01 Bow Saw
18:57 Fletching
21:57 Gold Mining
22:46 Bodkin Arrow
23:31 Horse Collar
33:38 Imperial Age
32:21 Padded Archer Armor
33:16 Ballistics
33:34 Hand Cart
34:06 Leather Archer Armor
34:35 Bracer
34:59 Conscription
35:43 Chemistry
bipeng2008
6:43 Loom
13:03 Feudal Age
13:16 Double-Bit Axe
19:59 Castle Age
18:02 Gold Mining
20:16 Medium Warships
19:47 Fishing Lines
19:57 Town Watch
20:47 Wheelbarrow
34:12 Imperial Age
34:17 Scale Barding Armor
34:23 Forging
34:52 Hand Cart
Connection lost

Rejoining the realm…

Still unreachable

The connection could not be restored.

Session expired

The server has moved on; the page needs a fresh start.